 Dungeon Crawl Stone Soup version 0.21.1-1-g345015f (webtiles) character file.

1934 suicidejoker the Covert (level 9, -13/61 HPs)
             Began as an Octopode Hunter on Mar 18, 2018.
             Was an Elder of Cheibriados.
             Mangled by Joseph
             ... wielding a +0 quarterstaff
              (22 damage)
             ... on level 7 of the Dungeon.
             The game lasted 00:11:27 (5196 turns).

suicidejoker the Covert (Octopode Hunter)           Turns: 5196, Time: 00:11:33

Health: -13/61     AC:  1    Str: 22    XL:     9   Next: 17%
Magic:  9/9        EV: 17    Int: 23    God:    Cheibriados [****..]
Gold:   383        SH:  8    Dex: 20    Spells: 8/8 levels left

rFire    + . .     SeeInvis .   a - +1 hand crossbow
rCold    . . .     Gourm    .   J - +0 shield
rNeg     . . .     Faith    .   (helmet restricted)
rPois    .         Spirit   .   (no amulet)
rElec    .         Reflect  .   r - +3 ring of slaying
rCorr    .         Harm     .   s - ring of protection from fire
MR       ++...                  t - +6 ring of evasion
Stlth    ++++++....             (no ring)
HPRegen  0.20/turn              (no ring)
MPRegen  0.11/turn              (no ring)
                                (no ring)
                                (no ring)

@: very slow
A: almost no armour, stealthy swim, amphibious, 8 rings, constrict 8, tentacle
spike 1, camouflage 1, clumsy 1, magic resistance 2, gelatinous body 1
a: Bend Time, Temporal Distortion, Slouch, Renounce Religion


You were on level 7 of the Dungeon.
You worshipped Cheibriados.
Cheibriados was greatly pleased with you.
You were not hungry.

You visited 1 branch of the dungeon, and saw 6 of its levels.

You collected 383 gold pieces.

Inventory:

Hand Weapons
 a - a +1 hand crossbow (weapon)
 b - a +2 dagger of venom
 j - a +4 hand axe
 u - a +0 blowgun
 v - a +3 mace
 x - a +1 hand axe of flaming
 C - a +0 shortbow
Missiles
 k - 188 stones (quivered)
 l - 62 sling bullets
 m - 52 arrows
 w - 6 curare-tipped needles
 B - 5 tomahawks
Armour
 J - a +0 shield (worn)
Jewellery
 r - a +3 ring of slaying (left tentacle)
 s - a ring of protection from fire (right tentacle)
 t - a +6 ring of evasion (on tentacle)
Wands
 I - a wand of flame (22)
Scrolls
 e - 4 scrolls of teleportation
 f - a scroll of remove curse
 p - 5 scrolls of identify
 y - a scroll of amnesia {unknown}
 A - a scroll of enchant armour {unknown}
 D - a scroll of noise {unknown}
 H - a scroll of magic mapping
Potions
 h - 2 potions of mutation
 i - 3 potions of agility {unknown}
 n - a potion of flight {unknown}
 o - 2 potions of might {unknown}
 q - a potion of lignification {unknown}
 z - 2 potions of ambrosia {unknown}
 E - a potion of degeneration {unknown}
 F - 2 potions of haste {unknown}
Books
 G - a book of Minor Magic

   Spells                             Type                      Level
   a - Magic Dart                     Conjuration                  1
   b - Blink                          Translocation                2
   c - Call Imp                       Summoning                    2
   d - Slow                           Hexes                        2
   e - Conjure Flame                  Conjuration/Fire             3
   f - Mephitic Cloud                 Conjuration/Poison/Air       3
Comestibles
 d - 8 rations


   Skills:
 + Level 5.5 Fighting
 * Level 8.4 Crossbows
 - Level 2.0 Dodging
 * Level 10.5 Stealth


You had 8 spell levels left.
You didn't know any spells.

Dungeon Overview and Level Annotations

Branches:
Dungeon (5/15)             Temple (0/1) D:7

Altars:
Cheibriados
Dithmenos
Ru
Wu Jian
Xom

Annotations:
D:7 Joseph


Innate Abilities, Weirdness & Mutations

You cannot wear most types of armour.
You are very stealthy in the water. (Stealth+)
You are amphibious.
You can wear up to eight rings at the same time.
You can use your tentacles to constrict eight enemies at once.
Your skin changes colour to match your surroundings (Stealth+).
Your rubbery body absorbs attacks. (AC +1, EV +1)
One of your tentacles bears a spike.
You are clumsy. (Dex -2)
You are highly resistant to hostile enchantments. (MR++)


Message History

Joseph hits you with an uncursed quarterstaff.
The orc warrior hits you with a long sword!!
* * * LOW HITPOINT WARNING * * *
You feel much better.
Joseph hits you with an uncursed quarterstaff!
* * * LOW HITPOINT WARNING * * *
The orc warrior hits you with a long sword!
* * * LOW HITPOINT WARNING * * *
Okay, then.
Okay, then.
Okay, then.
Okay, then.
Okay, then.
It was a potion of mutation.
You feel extremely strange.
You feel resistant to hostile enchantments.
You feel clumsy.
One of your lower tentacles grows a sharp spike.
You feel more resistant to hostile enchantments.
Joseph hits you with an uncursed quarterstaff!!
You die...

...... ......
(.......(...... ......
.............). +######
......(..(..).. ......#
.......l........ ......#
.......(........ ......#
....(..(......... ......#
...(((@(o......... .....<#
......(@.......... ......#
.................. ......#
..................
......#....................
......#....................
..>...#....................
......#....................
......#....................
#######....................


You could see Joseph, an orc warrior and a leopard gecko.

Vanquished Creatures
  A sky beast (D:7)
  An ice beast (D:7)
  2 ogres
  2 centaurs
  2 phantoms
  An elf zombie (D:4)
  A gnoll sergeant (D:7)
  3 bullfrogs
  2 elf skeletons (D:4)
  2 scorpions
  The ghost of suicidejoker the Bolt Thrower, a weakling OpHu (D:3)
  A centaur skeleton (D:5)
  A hound (D:5)
  A human zombie (D:4)
  3 orc priests
  Crazy Yiuf (D:3)
  2 bullfrog skeletons (D:4)
  A jelly (D:5)
  3 orc wizards (D:4)
  A human skeleton (D:4)
  3 worker ants
  A hound skeleton (D:4)
  6 adders
  4 gnolls (D:7)
  An ooze (D:2)
  2 worms (D:4)
  4 dart slugs (D:1)
  2 leopard geckos
  13 orcs
  7 bats
  6 goblins
  6 hobgoblins
  8 jackals
  6 kobolds
  3 quokkas
  A ball python (D:2)
  6 frilled lizards
  An orc zombie (D:4)
  11 rats
123 creatures vanquished.

Notes
Turn   | Place    | Note
-------+----------+-------------------------------------------
     0 | D:1      | suicidejoker the Octopode Hunter began the quest for the Orb.
     0 | D:1      | Reached XP level 1. HP: 14/14 MP: 1/1
    15 | D:1      | Reached skill level 2 in Stealth
    58 | D:1      | Reached XP level 2. HP: 15/19 MP: 2/2
    63 | D:1      | Found a snail-covered altar of Cheibriados.
    98 | D:1      | Became a worshipper of Cheibriados the Contemplative
   338 | D:1      | Reached XP level 3. HP: 24/24 MP: 3/3
   543 | D:1      | Reached skill level 3 in Stealth
   794 | D:2      | Reached * piety under Cheibriados
  1136 | D:2      | Reached XP level 4. HP: 30/30 MP: 4/4
  1716 | D:3      | Found a runed door.
  1770 | D:3      | Reached ** piety under Cheibriados
  1960 | D:3      | Reached skill level 4 in Stealth
  2041 | D:3      | Reached skill level 5 in Crossbows
  2162 | D:3      | Noticed suicidejoker's ghost (weakling OpHu)
  2165 | D:3      | Killed suicidejoker's ghost
  2165 | D:3      | Reached XP level 5. HP: 36/36 MP: 5/5
  2614 | D:3      | Noticed Crazy Yiuf
  2620 | D:3      | Killed Crazy Yiuf
  2744 | D:4      | Reached skill level 5 in Stealth
  2759 | D:4      | Reached XP level 6. HP: 42/42 MP: 6/6
  2855 | D:4      | Found a sacrificial altar of Ru.
  2857 | D:4      | Found an opulent altar of Gozag.
  2857 | D:4      | Found a shadowy altar of Dithmenos.
  2859 | D:4      | Found an ornate altar of the Wu Jian Council.
  2859 | D:4      | Found a snail-covered altar of Cheibriados.
  2859 | D:4      | Found a shimmering altar of Xom.
  2958 | D:4      | Reached *** piety under Cheibriados
  3233 | D:4      | Reached skill level 6 in Stealth
  3239 | D:4      | Reached XP level 7. HP: 46/46 MP: 7/7
  3323 | D:4      | Reached skill level 7 in Stealth
  3786 | D:4      | Reached skill level 8 in Stealth
  3786 | D:4      | Reached XP level 8. HP: 54/54 MP: 8/8
  4186 | D:5      | Entered Level 5 of the Dungeon
  4444 | D:5      | You fall through a shaft for 2 floors!
  4447 | D:7      | Reached skill level 9 in Stealth
  4533 | D:7      | Found a staircase to the Ecumenical Temple.
  4563 | D:7      | Reached skill level 5 in Fighting
  4758 | D:7      | Reached skill level 10 in Stealth
  4758 | D:7      | Reached XP level 9. HP: 14/61 MP: 9/9
  5178 | D:7      | Noticed Joseph
  5184 | D:7      | Reached **** piety under Cheibriados
  5196 | D:7      | Gained mutation: You are resistant to hostile enchantments. (MR+) [potion of mutation]
  5196 | D:7      | Gained mutation: You are clumsy. (Dex -2) [potion of mutation]
  5196 | D:7      | Gained mutation: One of your tentacles bears a spike. [potion of mutation]
  5196 | D:7      | Gained mutation: You are highly resistant to hostile enchantments. (MR++) [potion of mutation]
  5196 | D:7      | Mangled by Joseph

Skill      XL: |  1  2  3  4  5  6  7  8 |
---------------+-------------------------+-----
Stealth        | 2 3 4 5 6 8 10 | 10.5
Crossbows      | 5 6 8 |  8.4
Fighting       | 3 4 5 |  5.5
Dodging        | |  2.0

Action                   |  1- 3 |  4- 6 |  7- 9 || total
-------------------------+-------+-------+-------++-------
Melee: Hand axe          |       |       |    17 ||    17
       Tentacles         |       |       |    12 ||    12
       Constrict         |       |       |     8 ||     8
       Dagger            |       |       |    15 ||    15
 Fire: Hand crossbow     |    64 |   115 |   106 ||   285
Throw: Stone             |       |       |     2 ||     2
  Use: Scroll            |       |     6 |     1 ||     7
       Potion            |       |       |     4 ||     4
 Stab: Sleeping          |       |       |     1 ||     1
  Eat: Chunk             |       |     3 |     3 ||     6
Armor: Skin              |     3 |     1 |     1 ||     5
Dodge: Dodged            |    11 |    21 |    60 ||    92
Block: Shield            |       |       |    12 ||    12
